 Dungeon Crawl Stone Soup version 0.29-a0-911-g88e6f02907 (webtiles) character file.

Game seed: 16413810138512705139

31 gelatine the Firebug (level 3, -1/21 HPs)
             Began as an Octopode Fire Elementalist on July 25, 2022.
             Was a Follower of Qazlal.
             Slain by Sigmund
             ... wielding a +0 scythe
              (3 damage)
             ... on level 2 of the Dungeon.
             The game lasted 00:02:39 (2022 turns).

gelatine the Firebug (Octopode Fire Elementalist)   Turns: 2022, Time: 00:02:39

Health: -1/21      AC:  1    Str:  7    XL:     3   Next: 22%
Magic:  6/6        EV: 13    Int: 19    God:    Qazlal [*.....]
Gold:   102        SH:  2    Dex: 12    Spells: 5/6 levels left

rFire   . . .      SeeInvis .   (no weapon)
rCold   . . .      Faith    .   (no shield)
rNeg    . . .      Spirit   .   (helmet restricted)
rPois   .          Reflect  .   (no amulet)
rElec   .          Harm     .   (no ring)
rCorr   .          Rampage  .   (no ring)
Will    .....                   (no ring)
Stlth   +++.......              (no ring)
HPRegen 0.07/turn               (no ring)
MPRegen 0.10/turn               (no ring)
                                (no ring)
                                (no ring)

@: no status effects
A: almost no armour, amphibious, 8 rings, camouflage 1, gelatinous body 1,
(nimble swimmer 1), tentacles
a: Renounce Religion


You were on level 2 of the Dungeon.
You worshipped Qazlal.
Qazlal was aware of your devotion.
You visited 1 branch of the dungeon, and saw 2 of its levels.

You collected 102 gold pieces.

Inventory:

Scrolls
 b - a scroll of silence {unknown}
 e - a scroll of poison {unknown}
Potions
 a - a potion of magic
 c - a potion of brilliance {unknown}
 d - 2 potions of mutation {unknown}
 f - 2 potions of curing {unknown}
 g - a potion of berserk rage {unknown}


   Skills:
 + Level 2.1 Dodging
 + Level 2.9 Stealth
 + Level 2.3 Spellcasting
 + Level 1.3 Conjurations
 + Level 3.6 Fire Magic


You had 5 spell levels left.
You knew the following spells:

 Your Spells              Type           Power      Damage    Failure   Level
a - Foxfire               Conj/Fire      44%        2x1d6     6%          1

Your spell library contained the following spells:

 Spells                   Type           Power      Damage    Failure   Level
 Scorch                   Fire           32%        2d6       5%          2
 Conjure Flame            Conj/Fire      11%        6-21      17%         3
 Inner Flame              Hex/Fire       9%         N/A       24%         3
 Flame Wave               Conj/Fire      11%        2d5       50%         4


Dungeon Overview and Level Annotations

Branches:
Dungeon (2/15)

Altars:
Qazlal

Annotations:
D:2 Sigmund


Innate Abilities, Weirdness & Mutations

You cannot wear most types of armour.
You are amphibious.
You can wear up to eight rings at the same time.
Your skin changes colour to match your surroundings (Stealth+).
Your rubbery body absorbs attacks. (AC +1, EV +1)
((You are camouflaged when in or above water. (Stealth+)))
You have tentacles for arms and can constrict up to eight enemies at once.


Message History

You see here a dart slug corpse.
An endoplasm is nearby!
You conjure some foxfire!
Your foxfire dissipates!
You conjure some foxfire!
The foxfire hits the endoplasm.
The endoplasm is heavily wounded.
The endoplasm quivers.
You are out of magic!
You are out of magic!
The endoplasm freezes you.
You are frozen.
You tentacle-slap the endoplasm. You squeeze the endoplasm.
You kill the endoplasm!
Qazlal accepts your kill.
Your foxfire dissipates!
Your magical contamination has completely faded away.
Sigmund the Dreaded comes into view.
He is wielding a +0 scythe.
There is a stone staircase leading up here.
Found a helmet.
You see here a +0 helmet.
Sigmund shouts!
Sigmund hits you from afar with a +0 scythe!
You see here a +0 helmet.
Sigmund gestures wildly while chanting.
Sigmund flickers and vanishes!
Deactivating autopickup; reactivate with Ctrl-A.
A magic dart appears from out of thin air!
The magic dart hits you!
* * * LOW HITPOINT WARNING * * *
You are confused.
You bump into the rock wall.
You bump into the rock wall.
You bump into the rock wall.
You're too confused to move!
You bump into the rock wall.
You feel less confused. Something hits you.
* * * LOW HITPOINT WARNING * * *
Something hits you.
You die...

####.#
#...............# #.#
###.#.#.#######.# ####
#.#
#.....#######.#####...
#.#
###.#.................
#[#
#.#.#######.#####...
#{#
#.#.#######........#
#.#
#...........#####..#
#.# ###.#######.# #..#
#.# #####@# #.#####[.#
#.#######.....#
#.........
#.........#####
#######... ###########
#... ###. #. #) #. #.


There were no monsters in sight!

Vanquished Creatures
  2 dart slugs
  3 ball pythons (D:1)
  3 bats (D:1)
  4 endoplasms
  2 giant cockroaches (D:2)
  A goblin (D:1)
  3 hobgoblins (D:1)
  A quokka (D:1)
  2 kobolds
  4 rats
25 creatures vanquished.

Vanquished Creatures (others)
  90 foxfires
90 creatures vanquished.

Grand Total: 115 creatures vanquished

Notes
Turn   | Place    | Note
-------+----------+-------------------------------------------
     0 | D:1      | gelatine the Octopode Fire Elementalist began the quest for
                  | the Orb.
     0 | D:1      | Reached XP level 1. HP: 11/11 MP: 3/3
   332 | D:1      | Reached XP level 2. HP: 13/17 MP: 0/5
   676 | D:1      | Found a faded altar of an unknown god.
   726 | D:1      | Prayed at the altar of an unknown god.
   726 | D:1      | Became a worshipper of Qazlal Stormbringer
   726 | D:1      | Reached * piety under Qazlal
  1733 | D:2      | Reached XP level 3. HP: 21/21 MP: 2/6
  1933 | D:2      | Noticed Sigmund
  2022 | D:2      | Slain by Sigmund

Illustrated notes

Levels and vault maps discovered:
D:1:      saegor_arrival_simple_c, layout_loops_corners,
          ebering_ecumenical_altar_box
D:2:      layout_loops_ring, uniq_sigmund

Action                   || total
-------------------------++-------
Melee: Unarmed           ||    11
       Tentacles         ||     4
       Constrict         ||     3
 Cast: Foxfire           ||    67
 Stab: Sleeping          ||     1
Armor: Skin              ||     3
Dodge: Dodged            ||    11

Table legend: (Time is in decaauts)
 A = Elapsed time spent in this place.
 B = Non-inter-level travel time spent in this place.
 C = Inter-level travel time spent in this place.
 D = Time resting spent in this place.
 E = Time spent auto-exploring this place.
 F = Levels seen in this place.
 G = Mean time per level.
                   A        B        C        D        E       F      G
               +--------+--------+--------+--------+--------+-----+--------+
         Total |   2021 |   2001 |     20 |      0 |   1773 |   2 | 1010.5 |
       Dungeon |   2021 |   2001 |     20 |      0 |   1773 |   2 | 1010.5 |
               +--------+--------+--------+--------+--------+-----+--------+

Top non-repeatable levels by time:
     D:1: 1458 daAuts
     D:2: 563 daAuts
